 Dungeon Crawl Stone Soup version 0.30.1-11-g7821555f0a (webtiles) character file.

Game seed: 5751556361486113018

2620 lonewolfV2 the Blocker (level 9, 0/72 HPs)
             Began as a Formicid Fighter on Dec 6, 2023.
             Was an Initiate of Qazlal.
             Succumbed to a killer bee's poison
             ... on level 7 of the Dungeon.
             The game lasted 00:09:27 (5585 turns).

lonewolfV2 the Blocker (Formicid Fighter)           Turns: 5585, Time: 00:09:28

Health: 0/72       AC: 14    Str: 25    XL:     9   Next: 91%
Magic:  9/9        EV:  9    Int: 15    God:    Qazlal [......]
Gold:   276        SH:  6    Dex: 15    Spells: 8/8 levels left

rFire   . . .        a - +1 war axe (flame)
rCold   . . .        c - +0 buckler
rNeg    . . .        b - +0 scale mail
rPois   .            (helmet unavailable)
rElec   .            (no cloak)
rCorr   .            l - +0 pair of gloves
SInv    +            f - +0 pair of boots
Will    +++..        (no amulet) Stlth
                     j - ring of Eternity {Will+ AC+4 Int+3 Dex+2}
HPRegen 0.32/turn    v - ring of willpower
MPRegen 0.11/turn

%: no passive effects
@: lethally poisoned (0 -> -12)
A: permanent stasis, dig shafts and tunnels, antennae 3, four strong arms,
clever 1, strong-willed 1, strong 1, inability to drink after injury 1
a: Dig, Shaft Self, Renounce Religion


You were on level 7 of the Dungeon.
You worshipped Qazlal.
Qazlal was noncommittal.
You visited 2 branches of the dungeon, and saw 8 of its levels.

You collected 276 gold pieces.

Inventory:

Hand Weapons
 a - a +1 war axe of flaming (weapon)
 w - the +10 trident of Koinuluu {heavy, rN+}
   (You took it off an orc on level 6 of the Dungeon)

   rN:        It protects you from negative energy.
Missiles
 x - a throwing net
Armour
 b - a +0 scale mail (worn)
 c - a +0 buckler (worn)
 f - a +0 pair of boots (worn)
 l - a +0 pair of gloves (worn)
Jewellery
 j - the ring of Eternity (left hand) {Will+ AC+4 Int+3 Dex+2}
   (You found it on level 2 of the Dungeon)

   [ring of protection]

   AC:        It affects your AC (+4).
   Int:       It affects your intelligence (+3).
   Dex:       It affects your dexterity (+2).
   Will:      It increases your willpower.
 v - a ring of willpower (right hand)
Wands
 n - a wand of polymorph (5)
 p - a wand of roots (2)
 y - a wand of light (11)
Scrolls
 q - 5 scrolls of amnesia
Potions
 d - 3 potions of might
 e - 2 potions of brilliance
 h - 2 potions of lignification
 i - 2 potions of berserk rage
 k - a potion of magic
 m - a potion of mutation
 o - 3 potions of degeneration {unknown}
 r - a potion of curing {unknown}
 s - a potion of cancellation {unknown}
 t - a potion of haste {unknown}


   Skills:
 - Level 7.0 Fighting
 - Level 7.5 Axes
 + Level 7.5 Armour
 + Level 9.1 Shields


You had 8 spell levels left.
You didn't know any spells.
Your spell library contained the following spells:

 Spells                   Type           Power      Damage    Failure   Level
 Kiss of Death            Conj/Necr      0%         2d5       54%         1
 Ensorcelled Hibernation  Hex/Ice        0%         N/A       69%         2
 Confusing Touch          Hex            0%         N/A       89%         3
 Spider Form              Tmut/Pois      0%         N/A       89%         3
 Anguish                  Hex/Necr       0%         N/A       100%        4
 Dispel Undead            Necr           0%         3d6       100%        4


Dungeon Overview and Level Annotations

Branches:
Dungeon (7/15)             Temple (1/1) D:6

Altars:
Dithmenos
Hepliaklqana
Makhleb
Okawaru
Qazlal
Sif Muna
Trog
Uskayaw
Vehumet
Wu Jian
Xom
Yredelemnul
The Shining One


Innate Abilities, Weirdness & Mutations

You cannot be hasted, slowed, berserked, paralysed or teleported.
You can dig through walls and to a lower floor.
You have a pair of large antennae on your head. (SInv)
Your four strong arms can wield two-handed weapons with a shield.
Your mind is acute. (Int +4, Str/Dex -1)
You are strong-willed. (Will+)
Your muscles are strong. (Str +4, Int/Dex -1)
You occasionally lose the ability to drink potions when taking damage.


Message History

The killer bee poisons you!
The killer bee stings you but does no damage.
The killer bee stings you.
* * * LOW HITPOINT WARNING * * *
You closely miss the killer bee.
The killer bee is moderately wounded.
You feel very sick. You block the killer bee's attack.
The killer bee closely misses you.
You closely miss the killer bee.
The killer bee is moderately wounded.
You feel sick.
The killer bee stings you but does no damage.
You block the killer bee's attack.
You barely miss the killer bee.
The killer bee is moderately wounded.
You feel sick.
The killer bee stings you but does no damage.
The killer bee stings you.
* * * LOW HITPOINT WARNING * * *
You are lethally poisoned!
The killer bee poisons you!
You barely miss the killer bee.
The killer bee is lightly wounded.
* * * LOW HITPOINT WARNING * * *
You feel sick.
The killer bee stings you but does no damage.
You block the killer bee's attack.
It was a potion of mutation.
You feel extremely strange.
You feel strong-willed.
You feel stronger.
You occasionally lose the ability to drink potions when taking damage.
You feel clever.
* * * LOW HITPOINT WARNING * * *
You feel sick.
The killer bee stings you but does no damage.
The killer bee stings you.
* * * LOW HITPOINT WARNING * * *
You are more poisoned.
The killer bee poisons you!
It was a potion of magic.
Magic courses through your body.
You die...

#.....# #.....# #.....# .
#.....## ..###+##......#
.>.....#......#...
.......#†.....#...
.......'@.....#..# ##
.......#y†....#..#######.
.......#......#..>+....#.
..######......#..##....#.
. #..........##..##....).
+..........#.........#.
#..........#.........#<
#..........###'########
#.....##'#............


You could see a killer bee.

Vanquished Creatures
  The ghost of turdburglar the Chopper, a novice HOMo of Cheibriados (D:5)
  A troll (D:7)
  An orc warrior (D:6)
  2 black bears (D:6)
  2 ice beasts (D:6)
  2 centaurs
  2 phantoms (D:6)
  A bullfrog (D:6)
  2 scorpions (D:5)
  2 jellies (D:6)
  5 killer bees (D:7)
  A howler monkey (D:6)
  3 hounds
  3 orc priests
  A gnoll bouda (D:6)
  6 iguanas
  Jessica (D:2)
  A sleepcap (D:6)
  Ijyb (D:5)
  4 orc wizards
  5 gnolls (D:6)
  9 adders
  2 worms (D:2)
  A dart slug (D:2)
  22 orcs
  7 ball pythons
  A bat (D:1)
  7 endoplasms
  5 giant cockroaches
  8 goblins
  11 hobgoblins
  7 kobolds
  3 quokkas
  3 frilled lizards
  8 rats
141 creatures vanquished.

Notes
Turn   | Place    | Note
-------+----------+-------------------------------------------
     0 | D:1      | lonewolfV2 the Formicid Fighter began the quest for the
                  | Orb.
     0 | D:1      | Reached XP level 1. HP: 18/18 MP: 1/1
    46 | D:1      | Reached XP level 2. HP: 24/24 MP: 2/2
   300 | D:1      | Reached XP level 3. HP: 30/30 MP: 3/3
   830 | D:2      | Reached XP level 4. HP: 37/37 MP: 4/4
   940 | D:2      | Found a shimmering altar of Xom.
   982 | D:2      | Noticed Jessica
   996 | D:2      | Killed Jessica
  1213 | D:2      | Identified the ring of Eternity {Will+ AC+4 Int+3 Dex+2}
  1280 | D:2      | Reached XP level 5. HP: 43/43 MP: 5/5
  2205 | D:4      | Reached skill level 5 in Fighting
  2613 | D:4      | Reached XP level 6. HP: 51/51 MP: 6/6
  2823 | D:5      | Entered Level 5 of the Dungeon
  2830 | D:5      | Reached skill level 5 in Axes
  3013 | D:5      | Reached XP level 7. HP: 57/57 MP: 7/7
  3052 | D:5      | Found a runed translucent door.
  3052 | D:5      | Noticed turdburglar's ghost (novice HOMo)
  3109 | D:5      | Noticed Ijyb
  3122 | D:5      | Killed Ijyb
  3572 | D:5      | Identified the +3 flail of Cuicwus {holy, Int+3}
  3957 | D:5      | Killed turdburglar's ghost
  3958 | D:5      | Reached XP level 8. HP: 63/67 MP: 8/8
  4039 | D:6      | Reached skill level 5 in Shields
  4243 | D:6      | Reached XP level 9. HP: 72/72 MP: 9/9
  4328 | D:6      | Reached skill level 5 in Armour
  4328 | D:6      | Reached skill level 6 in Shields
  4474 | D:6      | Identified the +3 falchion "Pobbuv" {heavy, *Noise rElec
                  | Stlth+}
  4489 | D:6      | Reached skill level 7 in Shields
  4885 | D:6      | Identified the +10 trident of Koinuluu {heavy, rN+}
  4930 | D:6      | Reached skill level 8 in Shields
  5045 | D:6      | Found a staircase to the Ecumenical Temple.
  5118 | Temple   | Entered the Ecumenical Temple
  5219 | Temple   | Became a worshipper of Qazlal Stormbringer
  5548 | D:7      | Noticed a troll
  5561 | D:7      | Killed a troll
  5574 | D:7      | Reached skill level 9 in Shields
  5584 | D:7      | Gained mutation: You are strong-willed. (Will+) [potion of
                  | mutation]
  5584 | D:7      | Gained mutation: Your muscles are strong. (Str +4, Int/Dex
                  | -1) [potion of mutation]
  5584 | D:7      | Gained mutation: You occasionally lose the ability to drink
                  | potions when taking damage. [potion of mutation]
  5584 | D:7      | Gained mutation: Your mind is acute. (Int +4, Str/Dex -1)
                  | [potion of mutation]
  5584 | D:7      | HP: 3/72 [poisoned by a killer bee]
  5585 | D:7      | Succumbed to a killer bee's poison

Illustrated notes

Levels and vault maps discovered:
D:1:      lightli_arrival_noodles, layout_rooms
D:2:      layout_rooms, basic_altar, uniq_jessica
D:3:      minmay_door_path, layout_basic, minmay_increasing_density
D:4:      layout_loops_corners
D:5:      layout_cave_pods, hellmonk_ghost_happy_afterlife, uniq_ijyb
D:6:      minmay_bubble_buster, layout_rooms, minmay_temple_entry_arrows
D:7:      layout_gridville
Temple:   mainiacjoe_temple_bowtie_tessellation

Skill      XL: |  1  2  3  4  5  6  7  8  9 |
---------------+----------------------------+-----
Fighting       | 4 5 7 |  7.0
Axes           | 3 4 5 7 |  7.5
Armour         | 4 7 |  7.5
Shields        | 5 9 |  9.1

Action                     |  1- 3 |  4- 6 |  7- 9 || total
---------------------------+-------+-------+-------++-------
  Melee: War axe           |    66 |   122 |   186 ||   374
         Trident           |       |       |    21 ||    21
    Use: Scroll            |     3 |     7 |     1 ||    11
         Potion            |       |       |     6 ||     6
 Armour: Scale mail        |    36 |    67 |   181 ||   284
  Dodge: Dodged            |    35 |    64 |   142 ||   241
  Block: Buckler           |    16 |    37 |    97 ||   150
